 Dungeon Crawl Stone Soup version 0.26-a0-450-ge645bd13c1 (webtiles) character file.

Game seed: 9742946360221205213

54 Morbidden the Shield-Bearer (level 3, 0/22 HPs)
             Began as a Deep Elf Fighter on July 27, 2020.
             Killed from afar by Ijyb (10 damage)
             ... with a puff of flame
             ... on level 2 of the Dungeon.
             The game lasted 00:01:40 (1776 turns).

Morbidden the Shield-Bearer (Deep Elf Fighter)      Turns: 1776, Time: 00:01:41

Health: 0/22       AC:  7    Str: 13    XL:     3   Next: 66%
Magic:  5/5        EV:  6    Int: 13    God:
Gold:   58         SH:  8    Dex: 14    Spells: 2/2 levels left

rFire    . . .     SeeInvis .   a - +0 rapier
rCold    . . .     Faith    .   c - +0 kite shield
rNeg     . . .     Spirit   .   b - +0 scale mail
rPois    .         Reflect  .   m - +0 helmet (curse)
rElec    .         Harm     .   (no cloak)
rCorr    .                      (no gloves)
MR       .....                  (no boots)
Stlth    ..........             (no amulet)
HPRegen  0.07/turn              (no ring)
MPRegen  0.09/turn              (no ring)

@: no status effects
A: no striking features
a: no special abilities


You were on level 2 of the Dungeon.
You visited 1 branch of the dungeon, and saw 2 of its levels.

You collected 58 gold pieces.

Inventory:

Hand Weapons
 a - a +0 rapier (weapon)
Armour
 b - a +0 scale mail (worn)
 c - a +0 kite shield (worn)
 m - a cursed +0 helmet (worn)
Jewellery
 j - a cursed -4 ring of strength {unknown}
Scrolls
 e - a scroll of enchant armour {unknown}
 g - a scroll of teleportation {unknown}
 i - a scroll of identify {unknown}
 k - a scroll of blinking {unknown}
 l - 2 scrolls of remove curse {unknown}
Potions
 d - a potion of might
 f - a potion of cancellation {unknown}
 h - a potion of stabbing {unknown}


   Skills:
 * Level 2.7 Fighting
 + Level 2.4 Short Blades
 + Level 2.8 Armour
 * Level 0.7 Dodging
 + Level 0.1 Stealth
 * Level 2.9 Shields


You had 2 spell levels left.
You didn't know any spells.
Your spell library was empty.

Dungeon Overview and Level Annotations

Branches:
Dungeon (2/15)

Altars:

Annotations:
D:2 1 runed translucent door, Crazy Yiuf, Ijyb


Message History

You barely miss the goblin. The goblin hits you but does no damage.
Ijyb drinks a potion.
Ijyb suddenly seems more resistant.
You closely miss the goblin. The goblin hits you but does no damage.
You closely miss the goblin. The goblin hits you with a +0 club.
You barely miss the goblin. The goblin hits you but does no damage.
You hit the goblin.
The goblin is severely wounded.
The goblin hits you but does no damage.
You hit the goblin.
You kill the goblin!
You hit Ijyb but do no damage. You block Ijyb's attack.
You hit Ijyb but do no damage. Ijyb hits you but does no damage.
You block Ijyb's attack.
You hit Ijyb.
Ijyb is lightly wounded.
Ijyb zaps a wand.
The puff of flame hits you!
You hit Ijyb.
Ijyb is lightly wounded.
Ijyb zaps a wand.
The puff of flame hits you!
You die...

#.#####.......≈.≈≈≈..#
#....(...)####..≈≈≈..#
########### #...≈≈.≈#
#.≈.≈≈..# ##≈.≈≈≈##
##.≈≈≈# #..≈≈≈#
#.#≈≈## #@##≈#
#########g# ≈#
......?.gg# ##
.........g>.#
#####........#
#8.....8#..# #.......#
## #8.....8# #.......#


You could see Ijyb (resistant) and 3 goblins.

Vanquished Creatures
  An adder skeleton (D:2)
  A leopard gecko (D:2)
  A ball python (D:1)
  7 bats
  3 giant cockroaches
  6 goblins
  8 hobgoblins
  A frilled lizard (D:2)
  4 kobolds
  19 rats
51 creatures vanquished.

Notes
Turn   | Place    | Note
-------+----------+-------------------------------------------
     0 | D:1      | Morbidden the Deep Elf Fighter began the quest for the Orb.
     0 | D:1      | Reached XP level 1. HP: 13/13 MP: 3/3
   228 | D:1      | Reached XP level 2. HP: 16/18 MP: 4/4
   957 | D:1      | Reached XP level 3. HP: 22/22 MP: 5/5
  1578 | D:2      | Found a runed translucent door.
  1579 | D:2      | Noticed Crazy Yiuf
  1758 | D:2      | Noticed Ijyb
  1776 | D:2      | Killed from afar by Ijyb

Illustrated notes

Levels and vault maps discovered:
D:1:      onia_arrival_pentagram, layout_basic, minmay_rat_gold_closets
D:2:      kennysheep_the_goblin_king, layout_loops_ring,
          chequers_serial_rivers_small_3, minmay_octomino_e4,
          uniq_crazy_yiuf_cottage

Action                   || total
-------------------------++-------
Melee: Rapier            ||   153
Armor: Scale mail        ||    78
Dodge: Dodged            ||    29
Block: Kite shield       ||    49

Table legend: (Time is in decaauts)
 A = Elapsed time spent in this place.
 B = Non-inter-level travel time spent in this place.
 C = Inter-level travel time spent in this place.
 D = Time resting spent in this place.
 E = Time spent auto-exploring this place.
 F = Levels seen in this place.
 G = Mean time per level.
                   A        B        C        D        E       F      G
               +--------+--------+--------+--------+--------+-----+--------+
         Total |   1802 |   1771 |     31 |    477 |    980 |   2 |  901.0 |
       Dungeon |   1802 |   1771 |     31 |    477 |    980 |   2 |  901.0 |
               +--------+--------+--------+--------+--------+-----+--------+

Top non-repeatable levels by time:
     D:1: 1459 daAuts
     D:2: 343 daAuts
